 Dungeon Crawl Stone Soup version 0.30-a0-696-g2367cd04db (webtiles) character file.

Game seed: 2163159952419081952

1523 kae the Changer (level 8, -9/64 HPs)
             Began as a Demonspawn Transmuter on Jan 20, 2023.
             Was an Initiate of Ru.
             Mangled by a two-headed ogre
             ... wielding a +0 giant club
              (20 damage)
             ... on level 5 of the Dungeon.
             The game lasted 00:07:23 (5226 turns).

kae the Changer (Demonspawn Transmuter)             Turns: 5226, Time: 00:07:24

Health: -9/64      AC:  7    Str: 11    XL:     8   Next: 54%
Magic:  11/14      EV: 10    Int: 16    God:    Ru [......]
Gold:   1082       SH:  4    Dex: 14    Spells: 6/16 levels left

rFire   x . .      SeeInvis .      - Unarmed
rCold   + + +      Faith    .    (shield currently unavailable)
rNeg    . . .      Spirit   .    (body armour currently unavailable)
rPois   +          Reflect  .    (helmet currently unavailable)
rElec   .          Harm     .    (cloak currently unavailable)
rCorr   .          Rampage  .    (gloves currently unavailable)
Will    .....                    (boots currently unavailable)
Stlth   +                        (no amulet)
HPRegen 0.30/turn                Z - ring of wizardry
MPRegen 0.14/turn                (no ring)

@: about to teleport, ice-form
A: freezing attack, amphibious, boosted hp, large, (horns 1), (thin metallic
scales 2), condensation shield
a: End Transformation, Renounce Religion


You were on level 5 of the Dungeon.
You worshipped Ru.
Ru was noncommittal.
You were a creature of crystalline ice.
You visited 2 branches of the dungeon, and saw 6 of its levels.
You also visited: Sewer.

You collected 1082 gold pieces.


Innate Abilities, Weirdness & Mutations

You are a creature of crystalline ice.
You have a powerful freezing melee attack.
You are amphibious.
Your maximum health is increased.
Your armour is entirely melded.
You are incapable of wielding weapons or throwing items.
((You have a pair of small horns on your head.))
((You are mostly covered in thin metallic scales. (AC +3)))
A meltable shield of frost defends you. (SH +4)


   Skills:
 - Level 1.0 Fighting
 - Level 1.7 Dodging
 + Level 4.8 Unarmed Combat
 + Level 4.5 Spellcasting
 * Level 6.2 Transmutations
 * Level 4.5 Ice Magic
 - Level 1.6 Poison Magic


You had 6 spell levels left.
You knew the following spells:

 Your Spells              Type           Power      Damage    Failure   Level
a - Beastly Appendage     Tmut           46%        N/A       1%          1
b - Wereblood             Tmut           23%        N/A       1%          2
c - Spider Form           Tmut/Pois      16%        N/A       4%          3
d - Ice Form              Ice/Tmut       20%        N/A       7%          4

Your spell library contained the following spells:

 Spells                   Type           Power      Damage    Failure   Level


Inventory:

Hand Weapons
 c - a +0 short sword
   (You took it off a kobold on level 1 of the Dungeon)
 e - a +1 dagger of speed
   (You found it on level 1 of the Dungeon)
Missiles
 h - 2 datura-tipped darts
 j - 4 poisoned darts
 k - 38 stones
 l - 7 boomerangs
 y - 2 silver boomerangs
Armour
 a - a +1 robe (melded)
 x - a +2 cloak (melded)
   (You took it off Crazy Yiuf on level 4 of the Dungeon)
Magical Staves
 q - a staff of conjuration {!a}
   (You found it on level 2 of the Dungeon)
Jewellery
 Z - a ring of wizardry (left front paw)
   (You found it on level 1 of the Dungeon)
Wands
 t - a wand of paralysis (9)
   (You found it on level 3 of the Dungeon)
Scrolls
 i - 2 scrolls of poison {!r}
 r - a scroll of enchant armour
 s - a scroll of teleportation {@r4}
 w - a scroll of magic mapping {!r}
 A - a scroll of enchant weapon
Potions
 b - a potion of heal wounds {@q2}
 d - a potion of berserk rage {unknown}
 f - a potion of ambrosia
 g - a potion of degeneration {!q}
 m - 2 potions of curing {@q1}
 n - 3 potions of haste {@q3}
 o - 4 potions of attraction {!q}
 p - a potion of flight {unknown}
 u - a potion of brilliance {unknown}
 v - a potion of cancellation {unknown}
 z - a potion of magic {unknown}

Dungeon Overview and Level Annotations

Branches:
Dungeon (5/15) Zot: 25714  Temple (1/1) D:5 Zot: 5826   Sewer (visited)

Altars:
Ashenzari
Cheibriados
Fedhas
Gozag
Hepliaklqana
Kikubaaqudgha
Makhleb
Qazlal
Ru
Sif Muna
Uskayaw
Vehumet
Wu Jian
Xom
Yredelemnul

Shops:
D:2

* ....#
.#.######~
.........~
#.#........#
##.#........#
#..#........#
#....O.......
####....Y.......
..$....#.#####.#
##...)..#####(.
.....#.).......
.##. #†.#####.#
#. #[.# ..
#..#####.# #
#........~~≈≈~
#!.######~≈≈~~


You could see a two-headed ogre.


Message History

An orc comes into view. It is wielding a +0 hand axe.
Items here: ! ) [ †.
Your primal bloodlust has ended.
The orc hits you but does no damage.
You completely miss the orc. The orc closely misses you. 😕 HP[+1]
You hit the orc. You freeze the orc. You block the orc's attack.
You hit the orc but do no damage. The orc closely misses you. 😕 MP[+1]
You completely miss the orc. The orc closely misses you.
You barely miss the orc. The orc barely misses you. 😕 HP[+1]
You punch the orc! You freeze the orc.
You kill the orc!
No target in view!
Your transformation is almost over.
An orc comes into view.
It is wielding a +0 flail. 😕 HP[+2] MP[+1]
You regained 2 hp, and now have 62/64 hp.
Your mp is fully restored (14).
An orc is nearby!
Unknown command.
An orc is nearby!
An orc is nearby!
The orc shouts!
You hit the orc. You freeze the orc.
You kill the orc!
You warm up again.
Your +2 cloak unmelds from your body.
Your +1 robe unmelds from your body.
No target in view! 😕 HP[-9]
You now have 54 max hp (-10).
A two-headed ogre comes into view.
It is wielding a +0 giant club and a +0 giant spiked club.
Items here: ! ) [ †. 😎 HP[+1]
Your hp is fully restored (54).
The two-headed ogre shouts in stereo!
A two-headed ogre is nearby!
A two-headed ogre is nearby!
There is a stone staircase leading down here.
You hit the two-headed ogre but do no damage.
You headbutt the two-headed ogre, but do no damage.
You punch the two-headed ogre, but do no damage.
The two-headed ogre hits you with a +0 giant club.
The two-headed ogre barely misses you. 😕 HP[-5]
You take 5 damage, and now have 49/54 hp.
Casting: Wereblood (safe; 1% risk of failure)
Confirm with . or Enter, or press ? or * to list all spells.
You turn into a creature of crystalline ice.
Your +2 cloak melds into your body.
Your +1 robe melds into your body.
You block the two-headed ogre's attack.
The two-headed ogre closely misses you. 😕 HP[+10] MP[-4]
You now have 64 max hp (+10).
You regained 10 hp, and now have 59/64 hp.
You lost 4 mp, and now have 10/14 mp.
Unknown command.
You hit the two-headed ogre but do no damage.
The two-headed ogre hits you with a +0 giant club!!
* * * LOW HITPOINT WARNING * * *
The two-headed ogre barely misses you. 😨 HP[-28]
You take 28 damage, and now have 31/64 hp.
MASSIVE DAMAGE!! (PAUSE)
You hit the two-headed ogre. You freeze the two-headed ogre.
The two-headed ogre closely misses you. You block the two-headed ogre's attack.
You hit the two-headed ogre.
You freeze the two-headed ogre. 😨 HP[+1] Unknown command.
You hit the two-headed ogre but do no damage.
The two-headed ogre hits you with a +0 giant club!!
* * * LOW HITPOINT WARNING * * *
The two-headed ogre closely misses you. 😱 HP[-20]
You take 20 damage, and now have 12/64 hp.
MASSIVE DAMAGE!! (PAUSE)
Okay, then.
You feel much better.
The two-headed ogre hits you with a +0 giant club!
* * * LOW HITPOINT WARNING * * *
The two-headed ogre hits you with a +0 giant spiked club.
* * * LOW HITPOINT WARNING * * *
😱 HP[+2]
You regained 2 hp, and now have 14/64 hp.
You feel much better. 😮 HP[+32] MP[+1]
You regained 32 hp, and now have 46/64 hp.
As you read the scroll of teleportation {@r4}, it crumbles to dust.
You feel strangely unstable.
The two-headed ogre hits you with a +0 giant club!!
* * * LOW HITPOINT WARNING * * *
The two-headed ogre hits you but does no damage. 😨 HP[-18]
You take 18 damage, and now have 28/64 hp.
MASSIVE DAMAGE!! (PAUSE)
The two-headed ogre attacks as you move away!
The two-headed ogre hits you with a +0 giant club!
* * * LOW HITPOINT WARNING * * *
The two-headed ogre hits you with a +0 giant spiked club!!
You die...

Skill      XL: |  1  2  3  4  5  6  7  8 |
---------------+-------------------------+-----
Transmutations | 2 3 4 5 6 |  6.2
Unarmed Combat | 3 4 |  4.8
Poison Magic   | 1 |  1.6
Spellcasting   | 3 4 |  4.5
Ice Magic      | 2 3 4 |  4.5
Fighting       | |  1.0
Dodging        | |  1.7

Action                   |  1- 3 |  4- 6 |  7- 9 || total
-------------------------+-------+-------+-------++-------
Melee: Short sword       |    19 |       |       ||    19
       Unarmed           |     6 |   172 |   105 ||   283
       Kick              |    22 |    16 |       ||    38
       Headbutt          |     6 |    13 |     2 ||    21
       Punch             |     1 |     3 |     1 ||     5
       Dagger            |    82 |    51 |       ||   133
 Cast: Beastly Appendage |    19 |    21 |       ||    40
       Spider Form       |       |    12 |     3 ||    15
       Wereblood         |       |     1 |     3 ||     4
       Ice Form          |       |     1 |     8 ||     9
 Abil: End Transformatio |       |       |     1 ||     1
Evoke: Wand              |       |       |     1 ||     1
  Use: Scroll            |     2 |     7 |     2 ||    11
       Potion            |       |     5 |     2 ||     7
 Stab: Paralysed         |       |       |     6 ||     6
Armor: Robe              |    27 |    38 |     1 ||    66
       Skin              |       |    40 |    24 ||    64
Dodge: Dodged            |    55 |   194 |    45 ||   294
Block: Other             |       |    32 |    18 ||    50

Levels and vault maps discovered:
D:1:      scummos_arrival_hexagon, layout_rooms, minmay_misc_feat_five,
          minmay_lizard_king
D:2:      layout_loops_ring, serial_shops, nicolae_shop_hallway_stairs,
          uniq_jessica
D:3:      layout_rooms, fiery_altar_vehumet, overflow_temple_1_default,
          kiku_gazebo_garden_becter
D:4:      layout_cave_pods, nicolae_overflow_crystal_walls,
          portal_sewer_entry_d, roderic_lattice_a, uniq_pikel,
          uniq_crazy_yiuf_cottage, uniq_robin
D:5:      wander_river, layout_basic, mainiacjoe_overflow_paths,
          elyvilon_altar_4, minmay_temple_entry_waves,
          ebering_ghost_rock_garden, uniq_sigmund, uniq_edmund
Temple:   hellmonk_temple_flake

Notes
Turn   | Place    | Note
-------+----------+-------------------------------------------
     0 | D:1      | kae the Demonspawn Transmuter began the quest for the Orb.
     0 | D:1      | Reached XP level 1. HP: 15/15 MP: 3/3
     0 | D:1      | magus.rc [v1.11.3]
   124 | D:1      | Reached skill level 2 in Transmutations
   129 | D:1      | Gained mutation: You are partially covered in thin metallic
                  | scales. (AC +2) [demonic ancestry]
   129 | D:1      | Reached XP level 2. HP: 18/21 MP: 3/5
   245 | D:1      | Learned a level 2 spell: Wereblood
   286 | D:1      | Reached skill level 3 in Unarmed Combat
   398 | D:1      | Reached XP level 3. HP: 25/26 MP: 4/6
   402 | D:1      | Learned a level 3 spell: Spider Form
   908 | D:2      | Noticed Jessica
   918 | D:2      | Killed Jessica
   919 | D:2      | Reached skill level 3 in Transmutations
   919 | D:2      | Reached skill level 1 in Poison Magic
   919 | D:2      | Gained mutation: You are mostly covered in thin metallic
                  | scales. (AC +3) [demonic ancestry]
   919 | D:2      | Reached XP level 4. HP: 24/32 MP: 5/7
  1209 | D:2      | Found Unetaz's General Store.
  1654 | D:3      | HP: 6/32 [something/magic dart (7)]
  1656 | D:3      | HP: 2/32 [something (4)]
  1659 | D:3      | Reached XP level 5. HP: 10/37 MP: 5/9
  1896 | D:3      | Found an ancient bone altar of Kikubaaqudgha.
  1983 | D:3      | Found a radiant altar of Vehumet.
  2006 | D:3      | Found a burning altar of Makhleb.
  2419 | D:4      | Found a shimmering altar of Xom.
  2451 | D:4      | Noticed a lemure
  2472 | D:4      | Killed a lemure
  2473 | D:4      | Found a glowing drain.
  2500 | Sewer    | Entered a sewer
  2548 | Sewer    | Reached skill level 3 in Spellcasting
  2624 | Sewer    | Learned a level 4 spell: Ice Form
  2685 | Sewer    | Reached skill level 4 in Transmutations
  2786 | Sewer    | Gained mutation: A meltable shield of frost defends you.
                  | (SH +4) [demonic ancestry]
  2786 | Sewer    | Reached XP level 6. HP: 37/43 MP: 8/10
  2869 | Sewer    | Reached skill level 1 in Ice Magic
  2874 | Sewer    | HP: 10/43 [poisoned by an adder]
  3067 | Sewer    | HP: 8/43 [poisoned by an adder]
  3281 | D:4      | Noticed Pikel
  3437 | D:4      | Reached skill level 2 in Ice Magic
  3501 | D:4      | HP: 8/43 [iguana (10)]
  3635 | D:4      | Reached XP level 7. HP: 48/48 MP: 7/12
  3722 | D:4      | Paralysed by Pikel for 4 turns
  3730 | D:4      | Killed Pikel
  3731 | D:4      | Reached skill level 4 in Unarmed Combat
  3731 | D:4      | Reached skill level 4 in Spellcasting
  3731 | D:4      | Reached skill level 5 in Transmutations
  3731 | D:4      | Reached skill level 3 in Ice Magic
  3823 | D:4      | Gained mutation: You have a pair of small horns on your
                  | head. [demonic ancestry]
  3823 | D:4      | Reached XP level 8. HP: 50/54 MP: 11/14
  3968 | D:4      | Found a runed translucent door.
  3969 | D:4      | Noticed Crazy Yiuf
  4225 | D:4      | Noticed Robin
  4244 | D:4      | Killed Robin
  4504 | D:4      | Killed Crazy Yiuf
  4530 | D:5      | Entered Level 5 of the Dungeon
  4540 | D:5      | Identified a scroll of acquirement
  4540 | D:5      | Acquired 826 gold pieces
  4612 | D:5      | Found a staircase to the Ecumenical Temple.
  4615 | D:5      | Found a shimmering blue altar of Sif Muna.
  4628 | Temple   | Entered the Ecumenical Temple
  4791 | Temple   | Became a worshipper of Ru the Awakened
  4863 | D:5      | Noticed Edmund
  4884 | D:5      | Killed Edmund
  4885 | D:5      | Reached skill level 4 in Ice Magic
  5163 | D:5      | Noticed Sigmund
  5171 | D:5      | Reached skill level 6 in Transmutations
  5189 | D:5      | Killed Sigmund
  5212 | D:5      | Noticed a two-headed ogre
  5222 | D:5      | HP: 12/64 [two-headed ogre/+0 giant club (20)]
  5226 | D:5      | Mangled by a two-headed ogre

Vanquished Creatures
  Pikel (D:4)
  Sigmund (D:5)
  Edmund (D:5)
  4 lemures (D:4)
  3 bullfrogs
  A scorpion (D:4)
  A hound (D:5)
  2 jellies
  An orc priest (D:3)
  Crazy Yiuf (D:4)
  Jessica (D:2)
  2 iguanas
  An orc wizard (D:3)
  Robin (D:4)
  13 adders
  3 gnolls (D:3)
  4 river rats (Sewer)
  2 worms
  A dart slug (D:4)
  13 orcs
  7 bats
  7 endoplasms
  A giant cockroach (D:2)
  13 goblins
  10 hobgoblins
  2 jackals (D:1)
  4 quokkas
  15 ball pythons
  16 frilled lizards
  4 kobolds
  28 rats
164 creatures vanquished.

Vanquished Creatures (others)
  A quokka (D:5)
  6 plants (D:1)
7 creatures vanquished.

Grand Total: 171 creatures vanquished

Table legend:
 A = Non-vault XP
 B = Vault XP
 C = Vault XP percentage of total XP
 D = Non-vault monster count
 E = Vault monster count
 F = Vault count percentage of total count
                 A         B        C        D         E       F
            +---------+---------+-------+---------+---------+-------
      Total |     705 |    1472 |  67.6 |      78 |      82 |  51.2
            +---------+---------+-------+---------+---------+-------
        D:1 |      38 |      11 |  22.4 |      24 |      11 |  31.4
        D:2 |      36 |      37 |  50.7 |      12 |       1 |   7.7
        D:3 |     152 |       0 |   0.0 |      15 |       0 |   0.0
        D:4 |     206 |     678 |  76.7 |      14 |      15 |  51.7
        D:5 |     273 |     378 |  58.1 |      13 |       2 |  13.3
      Sewer |       0 |     368 | 100.0 |       0 |      53 | 100.0
            +---------+---------+-------+---------+---------+-------

Illustrated notes

Table legend:
 A = Kills in this place as a percentage of kills in entire the game.
 B = Kills by you in this place as a percentage of kills by you in the entire game.
 C = Kills by friends in this place as a percentage of kills by friends in the entire game.
 D = Other kills in this place as a percentage of other kills in the entire game.
 E = Experience gained in this place as a percentage of experience gained in the entire game.
 F = Experience gained in this place divided by the number of levels of this place that you have seen.
                   A       B       C       D       E      F
               +-------+-------+-------+-------+-------+----------------------
         Total | 100.0 | 100.0 |   N/A |   N/A | 100.0 | 311.0
       Dungeon |  66.9 |  66.9 |   N/A |   N/A |  83.1 | 361.8
         Sewer |  33.1 |  33.1 |   N/A |   N/A |  16.9 | 368.0
               +-------+-------+-------+-------+-------+----------------------

Table legend: (Time is in decaauts)
 A = Elapsed time spent in this place.
 B = Non-inter-level travel time spent in this place.
 C = Inter-level travel time spent in this place.
 D = Time resting spent in this place.
 E = Time spent auto-exploring this place.
 F = Levels seen in this place.
 G = Mean time per level.
                   A        B        C        D        E       F      G
               +--------+--------+--------+--------+--------+-----+--------+
         Total |   5193 |   5048 |    145 |    217 |   3762 |   7 |  741.9 |
       Dungeon |   4285 |   4166 |    119 |    196 |   3138 |   5 |  857.0 |
        Temple |    173 |    148 |     25 |      0 |    135 |   1 |  173.0 |
         Sewer |    734 |    734 |      0 |     21 |    488 |   1 |  734.0 |
               +--------+--------+--------+--------+--------+-----+--------+

Top non-repeatable levels by time:
     D:4: 1385 daAuts
     D:3: 933 daAuts
     D:2: 766 daAuts
   Sewer: 734 daAuts
     D:1: 674 daAuts
     D:5: 525 daAuts
  Temple: 173 daAuts
